 Dungeon Crawl Stone Soup version 0.21-a0-142-gdd972a7 (webtiles) character file.

6554 Leszczynek the Grappler (level 10, 0/98 HPs)
             Began as a Troll Skald on July 22, 2017.
             Was an Elder of Cheibriados.
             Slain by a water moccasin (5 damage)
             ... on level 11 of the Dungeon.
             The game lasted 00:24:31 (3774 turns).

Leszczynek the Grappler (Troll Skald)               Turns: 3774, Time: 00:24:31

Health: 0/98       AC:  7    Str: 31    XL:     10   Next: 70%
Magic:  11/14      EV: 13    Int: 21    God:    Cheibriados [****..]
Gold:   214        SH:  0    Dex: 20    Spells: 4/11 levels left

rFire    . . .     SeeInvis .     - Unarmed
rCold    + . .     Gourm    +   (no shield)
rNeg     . . .     Faith    .   D - +0 troll leather armour
rPois    .         Spirit   .   (helmet restricted)
rElec    .         Reflect  .   (no cloak)
rCorr    .         Harm     .   (gloves unavailable)
MR       .....                  (boots unavailable)
Stlth    ++........             (no amulet)
HPRegen  1.06/turn              w - ring of protection from cold
MPRegen  0.14/turn              E - +2 ring of slaying

@: lethally poisoned (0 -> -1), very slow
A: unfitting armour, claws 3, fast metabolism 3, gourmand, regeneration 1,
shaggy fur 1, tough skin 2
a: Bend Time, Temporal Distortion, Slouch, Renounce Religion


You were on level 11 of the Dungeon.
You worshipped Cheibriados.
Cheibriados was greatly pleased with you.
You were very full.

You visited 2 branches of the dungeon, and saw 12 of its levels.

You collected 366 gold pieces.
You spent 152 gold pieces at shops.

Inventory:

Hand Weapons
 a - a +0 blowgun
 b - a +1 hunting sling
Missiles
 h - 4 needles of confusion
 l - 110 sling bullets
 q - 2 javelins
 C - 7 curare-tipped needles
 F - 5 large rocks (quivered)
Armour
 D - a +0 troll leather armour (worn)
Jewellery
 j - an uncursed ring of fire
 w - a ring of protection from cold (left claw)
 E - a +2 ring of slaying (right claw)
Wands
 p - a wand of confusion (13/48)
 t - a wand of acid (0/15)
 v - a wand of confusion (21/48)
 y - a wand of confusion (20/48)
Scrolls
 c - a scroll of magic mapping
 g - 5 scrolls of remove curse {@r2}
 i - a scroll of teleportation
 n - a scroll of immolation {!r}
Potions
 e - a potion of haste {unknown}
 m - a potion of cancellation {unknown}
 s - a potion of mutation {unknown}
 z - a potion of resistance {unknown}
 A - 2 potions of flight
 B - a potion of lignification {unknown}
Books
 x - a book of Party Tricks

   Spells                             Type                      Level
   a - Summon Butterflies             Summoning                    1
   b - Apportation                    Translocation                1
   c - Lesser Beckoning               Translocation                3
   d - Tukima's Dance                 Hexes                        3
   e - Alistair's Intoxication        Transmutation/Poison         5
   f - Invisibility                   Hexes                        6
Comestibles
 d - 3 bread rations
 f - 5 chunks of flesh
 o - 5 meat rations
 r - 12 royal jellies


   Skills:
 + Level 6.0 Fighting
 - Level 5.7 Dodging
 * Level 10.5 Unarmed Combat
 - Level 1.2 Spellcasting
 - Level 2.0 Charms
 + Level 7.7 Invocations


You had 4 spell levels left.
You knew the following spells:

 Your Spells              Type           Power        Failure   Level  Hunger
a - Infusion              Chrm           #...         8%          1    ##.....
c - Song of Slaying       Chrm           #.......     12%         2    ###....
q - Regeneration          Chrm/Necr      #.........   34%         3    ####...
A - Apportation           Tloc           #.....       19%         1    ##.....


Dungeon Overview and Level Annotations

Branches:
Dungeon (11/15)            Temple (1/1) D:4            Lair (0/6) D:10
    Orc (0/2) D:11

Altars:
Cheibriados
Dithmenos
Elyvilon
Fedhas
Gozag
Okawaru
Qazlal
Sif Muna
Wu Jian
Xom

Shops:
D:4 (   D:9 *[

Portals:
Bailey: D:11

Annotations:
D:9 Psyche


Innate Abilities, Weirdness & Mutations

You are too large for most types of armour.
You have claws for hands.
Your metabolism is lightning-fast.
You like to eat raw meat.
Your natural rate of healing is unusually fast.
You are covered in fur. (AC +1)
You have very tough skin. (AC +2)


Message History

* * * LOW HITPOINT WARNING * * *
You hold your ground!
Some of the chunks of flesh in your inventory have rotted away.
You feel better. The worker ant bites you.
* * * LOW HITPOINT WARNING * * *
The water moccasin bites you.
* * * LOW HITPOINT WARNING * * *
You are poisoned.
The water moccasin poisons you!
Unknown command.
You scratch the ice dragon but do no damage.
The ice dragon is heavily wounded.
You feel sick. The water moccasin closely misses you. The ice dragon bites you.
* * * LOW HITPOINT WARNING * * *
The ice dragon closely misses you. x2; The worker ant closely misses you.
Unknown command.
You scratch the ice dragon but do no damage.
The ice dragon is heavily wounded.
The water moccasin bites you.
You die...

## ≈##
≈≈# ≈≈##
≈≈≈#
####≈≈≈#
#)@S≈≈≈#
#(Da≈≈##
#[≈≈≈≈#
##≈≈≈##
#####


You could see an ice dragon, a water moccasin and a worker ant.

Vanquished Creatures
  Sonja (D:10)
  A cyclops (D:11)
  A troll (D:10)
  Sigmund (D:6)
  11 yaks
  Menkaure (D:4)
  3 wargs (D:10)
  Edmund (D:4)
  2 phantoms
  3 orc warriors
  3 ice beasts
  2 sky beasts
  4 ogres
  2 centaurs
  7 big kobolds
  A bullfrog (D:8)
  A howler monkey (D:5)
  4 jellies
  2 quasits
  2 hounds
  2 orc priests
  10 orc wizards
  2 iguanas
  A bullfrog skeleton (D:9)
  6 worker ants
  Natasha (twice) (D:4)
  A howler monkey zombie (D:8)
  A worker ant zombie (D:10)
  7 gnolls
  5 adders
  5 oozes (D:8)
  An adder zombie (D:6)
  An adder skeleton (D:8)
  2 worms (D:4)
  A dart slug (D:1)
  A leopard gecko (D:1)
  22 orcs
  2 giant cockroaches
  5 goblins
  A hobgoblin (D:1)
  5 jackals
  2 quokkas
  A bat (D:1)
  2 frilled lizards (D:4)
  A jackal skeleton (D:4)
  45 kobolds
  A leopard gecko skeleton (D:7)
  2 quokka skeletons
  3 rats
193 creatures vanquished.

Notes
Turn   | Place    | Note
-------+----------+-------------------------------------------
     0 | D:1      | Leszczynek the Troll Skald began the quest for the Orb.
     0 | D:1      | Reached XP level 1. HP: 19/19 MP: 1/1
   163 | D:1      | Reached XP level 2. HP: 27/27 MP: 2/2
   174 | D:1      | Reached skill level 3 in Unarmed Combat
   211 | D:1      | Learned a level 2 spell: Shroud of Golubria
   440 | D:4      | Noticed Menkaure
   486 | D:3      | Noticed an ice beast
   490 | D:3      | HP: 3/27 [ice beast (10)]
   531 | D:3      | Killed an ice beast
   531 | D:3      | Reached skill level 4 in Unarmed Combat
   531 | D:3      | Reached XP level 3. HP: 28/33 MP: 0/3
   531 | D:3      | Reached XP level 4. HP: 35/41 MP: 0/4
   583 | D:4      | Killed Menkaure
   583 | D:4      | Reached skill level 6 in Unarmed Combat
   583 | D:4      | Reached XP level 5. HP: 11/48 MP: 2/5
   584 | D:4      | ez
   700 | D:4      | Found Nevoetir's Weapon Emporium.
   708 | D:4      | Bought 4 needles of confusion for 20 gold pieces
   732 | D:4      | Reached XP level 6. HP: 48/55 MP: 6/6
   789 | D:5      | Entered Level 5 of the Dungeon
   982 | D:4      | Reached skill level 7 in Unarmed Combat
  1032 | D:4      | Noticed Natasha
  1038 | D:4      | Killed Natasha
  1064 | D:4      | Noticed Natasha
  1075 | D:4      | Killed Natasha
  1106 | D:4      | Noticed Edmund
  1123 | D:4      | Killed Edmund
  1123 | D:4      | Reached XP level 7. HP: 31/62 MP: 7/7
  1177 | D:4      | Reached skill level 8 in Unarmed Combat
  1309 | D:4      | Found a staircase to the Ecumenical Temple.
  1317 | Temple   | Entered the Ecumenical Temple
  1363 | Temple   | Became a worshipper of Cheibriados the Contemplative
  1493 | D:5      | HP: 9/62 [big kobold/short sword (8)]
  1499 | D:5      | HP: 9/62 [big kobold/stone (4)]
  1502 | D:5      | Reached skill level 9 in Unarmed Combat
  1528 | D:5      | Learned a level 3 spell: Regeneration
  1531 | D:5      | Learned a level 2 spell: Song of Slaying
  1541 | D:5      | Reached * piety under Cheibriados
  1596 | D:5      | Reached XP level 8. HP: 64/70 MP: 8/8
  1623 | D:5      | easy piety
  1742 | D:5      | Reached ** piety under Cheibriados
  1790 | D:5      | Reached skill level 1 in Invocations
  1798 | D:5      | Reached skill level 2 in Fighting
  2082 | D:6      | Found a shadowy altar of Dithmenos.
  2090 | D:6      | Reached skill level 10 in Unarmed Combat
  2164 | D:6      | Noticed Sigmund
  2172 | D:6      | Killed Sigmund
  2172 | D:6      | Reached skill level 2 in Dodging
  2172 | D:6      | Reached skill level 2 in Invocations
  2252 | D:6      | Reached skill level 3 in Dodging
  2295 | D:6      | Reached skill level 3 in Fighting
  2390 | D:7      | Reached *** piety under Cheibriados
  2433 | D:7      | Reached skill level 3 in Invocations
  2509 | D:8      | Reached XP level 9. HP: 80/83 MP: 10/10
  2600 | D:8      | Found an opulent altar of Gozag.
  2661 | D:8      | Reached skill level 4 in Dodging
  2832 | D:9      | Learned a level 1 spell: Apportation
  2856 | D:9      | Found Pomalyrgh's General Store.
  2864 | D:9      | Bought 2 potions of flight for 66 gold pieces
  2864 | D:9      | Bought a scroll of teleportation for 33 gold pieces
  2864 | D:9      | Bought a scroll of teleportation for 33 gold pieces
  2868 | D:9      | Found Taplopsa's Antique Armour Shop.
  2965 | D:9      | Reached **** piety under Cheibriados
  2973 | D:9      | Noticed Psyche
  3020 | D:9      | Reached skill level 4 in Fighting
  3020 | D:9      | Reached skill level 5 in Dodging
  3020 | D:9      | Reached skill level 4 in Invocations
  3030 | D:9      | HP: 16/84 [yak (1)]
  3031 | D:9      | HP: 4/84 [yak (13)]
  3206 | D:10     | Entered Level 10 of the Dungeon
  3211 | D:10     | Reached skill level 5 in Invocations
  3307 | D:10     | Noticed Sonja
  3315 | D:10     | Reached XP level 10. HP: 91/94 MP: 13/13
  3442 | D:10     | Reached skill level 5 in Fighting
  3442 | D:10     | Reached skill level 6 in Invocations
  3448 | D:10     | Killed Sonja
  3518 | D:10     | Reached skill level 7 in Invocations
  3527 | D:10     | Found a staircase to the Lair.
  3638 | D:11     | Noticed a cyclops
  3647 | D:11     | Killed a cyclops
  3673 | D:11     | Found a staircase to the Orcish Mines.
  3675 | D:11     | Noticed a deep elf mage
  3718 | D:11     | Found a flagged portal.
  3744 | D:11     | Reached skill level 6 in Fighting
  3745 | D:11     | Noticed a six-headed hydra
  3764 | D:11     | Noticed an ice dragon
  3771 | D:11     | HP: 16/98 [water moccasin (7)]
  3771 | D:11     | HP: 1/98 [ice dragon (8)]
  3774 | D:11     | Slain by a water moccasin

Vault maps used:
D:1:      dpeg_arrival_three_same_balls, xom_teletrap_fun
D:3:      nicolae_tso_carved_into_rock, uniq_grinder
D:4:      temple_statues, serial_shops, shop, first_bread, uniq_edmund,
          uniq_natasha, uniq_menkaure
D:5:      minmay_goblin_kobold_castle
D:6:      grunt_dithmenos_smoke, uniq_sigmund
D:8:      overflow_temple_1_default, hangedman_little_slice_of_home, uniq_pikel
D:9:      serial_shops, shop, shop, uniq_psyche
D:10:     erik_lair_orcish_takeover, basic_altar, uniq_sonja
D:11:     minmay_twisted_water, enter_bailey_2, glass_columns_b,
          lightli_minifort
Temple:   minmay_crystal_snake_temple

Skill      XL: |  1  2  3  4  5  6  7  8  9 10 |
---------------+-------------------------------+-----
Unarmed Combat | 4 6 7 9 10 | 10.5
Invocations    | 3 5 7 |  7.7
Fighting       | 3 4 6 |  6.0
Dodging        | 3 5 |  5.7
Spellcasting   | |  1.2
Charms         | |  2.0

Action                   |  1- 3 |  4- 6 |  7- 9 | 10-12 || total
-------------------------+-------+-------+-------+-------++-------
Melee: Unarmed           |    56 |    75 |   306 |    73 ||   510
       Punch             |     1 |     1 |    12 |     6 ||    20
 Fire: Hunting sling     |       |     4 |     9 |    11 ||    24
 Cast: Shroud of Golubri |     1 |     1 |       |       ||     2
Invok: Bend Time         |       |       |     5 |     4 ||     9
Evoke: Wand              |       |     1 |     6 |    10 ||    17
  Use: Scroll            |       |     6 |     7 |     2 ||    15
       Potion            |       |       |     1 |     3 ||     4
  Eat: Chunk             |     7 |     7 |    17 |     3 ||    34
Armor: Robe              |    16 |    13 |   100 |     2 ||   131
       Troll leather arm |       |       |       |    28 ||    28
Dodge: Dodged            |    23 |    22 |   188 |    84 ||   317
